 Dungeon Crawl Stone Soup version 0.19.5 (console) character file.

3866 Kloppie the Carver (level 9, -7/83 HPs)
             Began as a Minotaur Fighter on Mar 4, 2017.
             Was an Initiate of Elyvilon.
             Mangled by an orc knight
             ... wielding a +0 battleaxe
              (27 damage)
             ... on level 7 of the Dungeon.
             The game lasted 00:09:56 (5897 turns).

Kloppie the Carver (Minotaur Fighter)               Turns: 5897, Time: 00:09:57

Health: -7/83      AC: 12    Str: 25    XL:     9   Next: 99%
Magic:  8/8        EV: 12    Int:  5    God:    Elyvilon [......]
Gold:   412        SH: 12    Dex: 14    Spells: 0 memorised, 8 levels left

rFire  + + .     SeeInvis .     a - +0 long sword (freeze)
rCold  . . .     Gourm    +     b - +0 scale mail
rNeg   + . .     Faith    .     c - +0 shield
rPois  .         Spirit   .     (helmet restricted)
rElec  .         Reflect  .     (no cloak)
rCorr  .         Harm     .     B - +1 pair of gloves
MR     .....                    o - +2 pair of boots "Tozik" {rF++ rN+}
Stlth  ..........               e - amulet of the gourmand
                                (no ring)
                                (no ring)

@: mighty
A: retaliatory headbutt, horns 2
a: Renounce Religion


You were on level 7 of the Dungeon.
You worshipped Elyvilon.
Elyvilon was noncommittal.
You were completely stuffed.

You visited 2 branches of the dungeon, and saw 8 of its levels.
You also visited: Ossuary.

You collected 412 gold pieces.

Inventory:

Hand Weapons
 a - a +0 long sword of freezing (weapon)
 q - a +0 scimitar
 t - a +0 morningstar
Armour
 b - a +0 scale mail (worn)
 c - a +0 shield (worn)
 o - the +2 pair of boots "Tozik" (worn) {rF++ rN+}
   (You found it on level 7 of the Dungeon)

   It greatly protects you from fire.
   It protects you from negative energy.
 B - a +1 pair of gloves (worn)
Jewellery
 e - an amulet of the gourmand (around neck)
Wands
 l - a wand of disintegration (12/24)
Scrolls
 g - a scroll of fog
 j - 7 scrolls of remove curse
 m - 3 scrolls of identify
 n - a scroll of magic mapping
 u - a scroll of amnesia
 v - 5 scrolls of teleportation
 w - a scroll of enchant armour
 A - a scroll of fear
 F - a scroll of blinking
Potions
 d - a potion of might
 p - 2 potions of resistance
 r - 2 potions of heal wounds
 x - 3 potions of curing
 E - a potion of cure mutation
Comestibles
 f - 5 bread rations
 h - 21 fruits
 i - a royal jelly
 k - a slice of pizza
 s - 3 meat rations
 z - 2 beef jerkies
 C - 7 chunks of flesh


   Skills:
 - Level 9.2 Fighting
 + Level 11.0 Long Blades
 - Level 4.9 Armour
 - Level 6.0 Dodging
 * Level 7.8 Shields


You had 8 spell levels left.
You didn't know any spells.

Dungeon Overview and Level Annotations

Branches:
Dungeon (7/15)             Temple (1/1) D:6

Altars:
Ashenzari
Cheibriados
Dithmenos
Elyvilon
Fedhas
Gozag
Hepliaklqana
Kikubaaqudgha
Makhleb
Nemelex Xobeh
Okawaru
Qazlal
Ru
Sif Muna
Trog
Uskayaw
Vehumet
Xom
Yredelemnul
Zin
The Shining One


Innate Abilities, Weirdness & Mutations

You reflexively headbutt those who attack you in melee.
You have a pair of horns on your head.


Message History

You slash the orc knight! You freeze the orc knight.
The orc knight is moderately wounded.
The orc closely misses you. You furiously retaliate!
You headbutt the orc!
You kill the orc!
You slash the orc knight! You freeze the orc knight.
The orc knight is heavily wounded.
The orc knight hits you with an uncursed battleaxe!
* * * LOW HITPOINT WARNING * * *
You closely miss the orc knight. You headbutt the orc knight.
The orc knight is heavily wounded.
You block the orc knight's attack.
You slash the orc knight! You freeze the orc knight.
The orc knight is severely wounded.
You closely miss the orc knight. Your headbutt misses the orc knight.
The orc knight is severely wounded.
You block the orc knight's attack.
You barely miss the orc knight. You headbutt the orc knight!
The orc knight is almost dead.
The orc knight hits you with an uncursed battleaxe!!
You die...

#..# #..#.
##########..###### #.#.#
#>.....))...##...## ##.#..
#.#######))##.###.###...##
#.###.#........... #)#
#.#.#.###...#. #.# ##...##
##.##. #[# ##.## #.##.
#@#####.######.#
#o.(...........#
#########.########
WWW..^....# ###########


You could see an orc knight.

Vanquished Creatures
  Pikel (D:7)
  Grinder (D:6)
  Menkaure (D:6)
  4 wargs (D:7)
  A water moccasin (D:6)
  2 orc warriors (D:7)
  A slave (D:7)
  A sky beast (D:6)
  2 ogres
  An ice beast (D:6)
  2 centaurs
  2 bullfrogs
  Blork the orc (D:4)
  3 jellies
  A water moccasin skeleton (D:4)
  A scorpion (D:7)
  5 wights (D:7)
  3 howler monkeys
  3 crimson imps
  A centaur zombie (Ossuary)
  A quasit (D:7)
  2 human zombies (Ossuary)
  2 hounds
  A bullfrog skeleton (D:6)
  An orc priest (D:6)
  7 orc wizards
  A centaur skeleton (D:5)
  An iguana (D:6)
  9 worker ants
  3 big kobold zombies (Ossuary)
  2 hound zombies (Ossuary)
  3 mummies (Ossuary)
  A howler monkey skeleton (D:4)
  5 adders
  A shadow imp (D:6)
  An ooze (D:4)
  An adder zombie (Ossuary)
  2 worms
  5 dart slugs
  3 leopard geckos
  24 orcs
  2 ball pythons
  8 bats
  16 giant cockroaches
  3 goblins
  8 hobgoblins
  16 jackals
  3 quokkas
  3 frilled lizards
  4 gnoll zombies (Ossuary)
  3 goblin zombies (Ossuary)
  5 hobgoblin zombies (Ossuary)
  3 jackal zombies (Ossuary)
  4 kobolds
  A kobold zombie (Ossuary)
  3 orc zombies (Ossuary)
  3 quokka zombies (Ossuary)
  8 rats
  2 rat zombies (Ossuary)
208 creatures vanquished.

Vanquished Creatures (others)
  2 slaves (D:7)
  An adder (D:7)
  A bush (D:6)
  A plant (D:7)
5 creatures vanquished.

Grand Total: 213 creatures vanquished

Notes
Turn   | Place    | Note
-------+----------+-------------------------------------------
     0 | D:1      | Kloppie the Minotaur Fighter began the quest for the Orb.
     0 | D:1      | Reached XP level 1. HP: 19/19 MP: 0/0
   233 | D:1      | Reached XP level 2. HP: 23/26 MP: 1/1
   308 | D:1      | Reached skill level 3 in Long Blades
   624 | D:1      | Reached XP level 3. HP: 27/31 MP: 2/2
   877 | D:2      | Reached skill level 4 in Long Blades
   965 | D:2      | Reached XP level 4. HP: 39/39 MP: 3/3
  1384 | D:3      | Reached skill level 1 in Dodging
  1619 | D:3      | Reached XP level 5. HP: 45/45 MP: 4/4
  1813 | D:3      | Reached skill level 5 in Long Blades
  1875 | D:4      | Noticed Blork the orc
  1889 | D:4      | Killed Blork the orc
  2087 | D:4      | Reached XP level 6. HP: 51/51 MP: 5/5
  2273 | D:4      | Reached skill level 6 in Long Blades
  2520 | D:5      | Entered Level 5 of the Dungeon
  2540 | D:5      | Found a sand-covered staircase.
  2543 | Ossuary  | Entered an ossuary
  2598 | Ossuary  | Reached XP level 7. HP: 55/57 MP: 6/6
  2655 | Ossuary  | Reached skill level 7 in Long Blades
  2695 | Ossuary  | Reached skill level 5 in Dodging
  2997 | Ossuary  | Gained mutation: You passively map a small area around you. [potion of mutation]
  2997 | Ossuary  | Gained mutation: You regenerate slowly when monsters are visible. [potion of mutation]
  3004 | Ossuary  | Lost mutation: You regenerate slowly when monsters are visible. [potion of cure mutation]
  3004 | Ossuary  | Lost mutation: You passively map a small area around you. [potion of cure mutation]
  3019 | D:5      | Found a glowing silver altar of Zin.
  3381 | D:5      | Found an opulent altar of Gozag.
  3527 | D:6      | Reached skill level 8 in Long Blades
  3546 | D:6      | Reached XP level 8. HP: 56/67 MP: 7/7
  3570 | D:6      | Reached skill level 5 in Fighting
  4069 | D:6      | Reached skill level 9 in Long Blades
  4139 | D:6      | Found a staircase to the Ecumenical Temple.
  4166 | D:6      | Noticed Menkaure
  4173 | D:6      | Killed Menkaure
  4688 | D:6      | Noticed Grinder
  4691 | D:6      | Paralysed by Grinder for 2 turns
  4697 | D:6      | Paralysed by Grinder for 6 turns
  4716 | D:6      | Killed Grinder
  4716 | D:6      | Reached XP level 9. HP: 76/82 MP: 8/8
  4730 | Temple   | Entered the Ecumenical Temple
  4819 | Temple   | Became a worshipper of Elyvilon the Healer
  4961 | D:7      | Reached skill level 10 in Long Blades
  5017 | D:7      | Noticed Pikel
  5032 | D:7      | Killed Pikel
  5032 | D:7      | Reached skill level 5 in Shields
  5329 | D:7      | Noticed an orc knight
  5457 | D:7      | Got a pair of jewelled boots
  5746 | D:7      | Identified the +2 pair of boots "Tozik" {rF++ rN+} (You found it on level 7 of the Dungeon)
  5764 | D:7      | Reached skill level 11 in Long Blades
  5897 | D:7      | Mangled by an orc knight

Skill      XL: |  1  2  3  4  5  6  7  8  9 |
---------------+----------------------------+-----
Armour         | 4 |  4.9
Long Blades    | 3 4 5 6 8 9 11 | 11.0
Dodging        | 1 3 4 6 |  6.0
Fighting       | 4 8 9 |  9.2
Shields        | 7 |  7.8

Action                   |  1- 3 |  4- 6 |  7- 9 || total
-------------------------+-------+-------+-------++-------
Melee: Long sword        |    91 |   163 |   427 ||   681
       Headbutt          |     9 |    42 |   114 ||   165
  Use: Scroll            |       |     9 |     6 ||    15
       Potion            |       |       |    13 ||    13
  Eat: Chunk             |       |     6 |    20 ||    26
Armor: Scale mail        |    36 |    89 |   144 ||   269
Dodge: Dodged            |    41 |    61 |   162 ||   264
Block: Shield            |    58 |   105 |   205 ||   368
       Rpst.: Long sword |     9 |    18 |    41 ||    68
